 Dungeon Crawl Stone Soup version 0.23-b1-84-g6588a6b (webtiles) character file.

Game seed: 8163249130132088307

72 Fang the Skirmisher (level 4, -27/45 HPs)
             Began as a Gargoyle Berserker on Feb 8, 2019.
             Was a Believer of Trog.
             Annihilated by an ogre
             ... wielding a +0 giant spiked club
              (30 damage)
             ... on level 2 of the Dungeon.
             The game lasted 00:03:26 (1184 turns).

Fang the Skirmisher (Gargoyle Berserker)            Turns: 1184, Time: 00:03:26

Health: -27/45     AC: 12    Str: 27    XL:     4   Next: 26%
Magic:  4/4        EV:  9    Int:  7    God:    Trog [**....]
Gold:   82         SH:  0    Dex:  9    Spells: 3/3 levels left

rFire    . . .     SeeInvis .   a - +0 hand axe
rCold    . . .     Gourm    .   (no shield)
rNeg     + . .     Faith    .   l - +0 chain mail
rPois    ∞         Spirit   .   (no helmet)
rElec    +         Reflect  .   (no cloak)
rCorr    .         Harm     .   (no gloves)
MR       .....                  (no boots)
Stlth    ..........             (no amulet)
HPRegen  0.15/turn              (no ring)
MPRegen  0.09/turn              (no ring)

@: berserking, very quick
A: negative energy resistance 1, electricity resistance, unbreathing,
petrification resistance, rot immunity, AC +3
a: Berserk, Trog's Hand, Renounce Religion


You were on level 2 of the Dungeon.
You worshipped Trog.
Trog was pleased with you.
You were very hungry.

You visited 1 branch of the dungeon, and saw 2 of its levels.

You collected 82 gold pieces.

Inventory:

Hand Weapons
 a - a +0 hand axe (weapon)
Armour
 l - a +0 chain mail (worn)
Scrolls
 g - a scroll of magic mapping {unknown}
 i - a scroll of identify {unknown}
 k - a scroll of enchant weapon {unknown}
 m - a scroll of remove curse {unknown}
Potions
 b - a potion of heal wounds {unknown}
 d - a potion of agility {unknown}
 e - a potion of degeneration {unknown}
 f - a potion of curing {unknown}
 j - a potion of cancellation {unknown}
Comestibles
 c - 3 rations
 h - 7 chunks of flesh


   Skills:
 + Level 4.4 Fighting
 + Level 3.6 Axes
 - Level 2.2 Armour
 - Level 1.6 Dodging


You had 3 spell levels left.
You didn't know any spells.
Your spell library was empty.

Dungeon Overview and Level Annotations

Branches:
Dungeon (2/15)

Altars:


Innate Abilities, Weirdness & Mutations

You are resistant to torment.
Your stone body is resilient. (AC +3)
You are immune to poison.
You resist negative energy. (rN+)
You are resistant to electric shocks. (rElec)
You can survive without breathing.
You are immune to petrification.
You are immune to rotting.


Message History

You closely miss the rat. The rat closely misses you.
The ogre hits you with a +0 giant spiked club!!
Ouch! That really hurt!
* * * LOW HITPOINT WARNING * * *
You are too injured to fight recklessly!
You are too injured to fight recklessly!
You are too injured to fight recklessly!
You are too injured to fight recklessly!
A red film seems to cover your vision as you go berserk!
You feel yourself moving faster!
You feel mighty!
You are feeling very hungry.
The rat barely misses you.
You hit the ogre.
The ogre is moderately wounded.
You slash the rat!
You kill the rat!
Trog accepts your kill.
The ogre hits you with a +0 giant spiked club!!
Ouch! That really hurt!
You die...

#
###.##...........###.##
#.[.#....##+##....##..#
#.#...#### ####...#.#
#...### #.[###...#
#..## #..#.##..# #..
#..#.)'..# ##.
#..#.##..# #.
#Ob###..## ## #@##...##
#....### .......####
########


You could see an ogre and a bat.

Vanquished Creatures
  2 adders (D:2)
  An ooze (D:2)
  A worm (D:2)
  A leopard gecko (D:2)
  A ball python (D:1)
  2 bats
  3 giant cockroaches (D:2)
  3 goblins
  4 hobgoblins
  6 jackals (D:2)
  2 quokkas (D:2)
  11 kobolds
  4 rats
41 creatures vanquished.

Notes
Turn   | Place    | Note
-------+----------+-------------------------------------------
     0 | D:1      | Fang the Gargoyle Berserker began the quest for the Orb.
     0 | D:1      | Reached XP level 1. HP: 14/14 MP: 1/1
   156 | D:1      | Reached XP level 2. HP: 12/19 MP: 2/2
   661 | D:2      | Found a faded altar of an unknown god.
   672 | D:2      | Reached XP level 3. HP: 20/24 MP: 3/3
   796 | D:2      | Reached skill level 4 in Fighting
   871 | D:2      | Reached ** piety under Trog
  1136 | D:2      | Reached XP level 4. HP: 21/30 MP: 4/4
  1172 | D:2      | Noticed an ogre
  1182 | D:2      | HP: 1/30 [ogre/+0 giant spiked club (21)]
  1184 | D:2      | Annihilated by an ogre

Skill      XL: |  1  2  3 |
---------------+----------+-----
Axes           | 3 |  3.6
Fighting       | 4 |  4.4
Armour         | |  2.2
Dodging        | |  1.6

Action                   |  1- 3 |  4- 6 || total
-------------------------+-------+-------++-------
Melee: Hand axe          |   145 |    23 ||   168
Invok: Berserk           |       |     1 ||     1
  Eat: Chunk             |     1 |       ||     1
Armor: Animal skin       |    34 |       ||    34
       Chain mail        |    46 |    21 ||    67
Dodge: Dodged            |    81 |    12 ||    93
